[Event "23rd ETCC Women 2021"]
[Site "Catez"]
[Date "2021.11.12"]
[Round "1.41"]
[White "Lazarne Vajda, Szidonia"]
[Black "Hrescak, Ivana"]
[Result "1/2-1/2"]
[ECO "B07"]
[WhiteElo "2345"]
[BlackElo "2138"]
[Annotator "NA"]
[PlyCount "81"]
[EventDate "2021.11.08"]
[EventType "team-tourn"]
[EventCountry "SLO"]
[SourceTitle "playchess.com"]
[Source "ChessBase"]
[SourceQuality "1"]
[WhiteTeam "Hungary"]
[BlackTeam "Slovenia"]
[WhiteTeamCountry "HUN"]
[BlackTeamCountry "SLO"]
[TimeControl "40/5400+30:1800+30"]

1. d4 Nf6 2. Bf4 g6 3. Nc3 Bg7 4. e4 d6 5. Qd2 h6 6. h4 c6 7. O-O-O b5 8. f3 b4 9. Nce2 Qa5 10. Kb1 Be6 11. Nc1 Qb6 12. Be3 Qb7 13.
Nge2 Bc4 14. Nf4 Bxf1 15. Rhxf1 Nbd7 16. Ncd3 e5 17. dxe5 dxe5 18. Ne2 Bf8 19. g4 c5 20. c4 Qc6 21. b3 a5 22. g5 hxg5 23.
hxg5 Nh5 24. Nb2 Nb6 25. Nc1 Qc7 26. Rh1 Rg8 27. Ncd3 O-O-O 28. Qf2 Nd7 29. Na4 Nf4 30. Nxf4 exf4 31. Bc1 Bg7 32. Rd5 Bd4 33. Qd2 Be3 34. Qe2 Bd4 35. Rh7 Nf8 36. Rh4 Ne6 37. Qh2 Be5 38. Qg1 Bd4 39. Qh2 Be5 40. Qg1 Bd4 41. Qh2 1/2-1/2

[Event "23rd ETCC Women 2021"]
[Site "Catez"]
[Date "2021.11.12"]
[Round "1.42"]
[White "Kolaric, Spela"]
[Black "Gara, Ticia"]
[Result "0-1"]
[ECO "B22"]
[WhiteElo "2178"]
[BlackElo "2331"]
[Annotator "ChessBase"]
[PlyCount "110"]
[EventDate "2021.11.08"]
[EventType "team-tourn"]
[EventCountry "SLO"]
[SourceTitle "playchess.com"]
[Source "ChessBase"]
[SourceQuality "1"]
[WhiteTeam "Slovenia"]
[BlackTeam "Hungary"]
[WhiteTeamCountry "SLO"]
[BlackTeamCountry "HUN"]
[TimeControl "40/5400+30:1800+30"]

1. e4 c5 2. c3 d5 3. exd5 Qxd5 4. d4 Nc6 5. Nf3 Bg4 6. Nbd2 e6 7. Bc4 Qd7 8. Qa4 a6 9. O-O Nf6 10. Bb5 Rd8 11. Bxc6 Qxc6 12. Qxc6+ bxc6 13. Ne5 cxd4 14. cxd4 Rxd4 15. Nxc6 Rd5 16. Nb3 Kd7 17. Ncd4 a5 18. h3 Bh5 19. a4 Be7 20. Be3 Rb8 21. f4 Bg6 22. Rfd1 Bc2 23.
Nxc2 Rxb3 24. Bd4 Bd6 25. f5 e5 26. Bc3 Kc6 27. Rxd5 Nxd5 28. Bxa5 Rxb2 29. Rc1 Bc5+ 30. Kh2 Kd6 31. Ne1 Ra2 32. Nd3 Be3 33.
Rd1 Rxa4 34. Nb2 Rd4 35. Be1 Rxd1 36. Nxd1 Bd4 37. g3 e4 38. Kg2 Kc5 39. Kf1 Kc4 40. Ke2 h5 41. Bd2 f6 42. Bc1 Bc5 43.
Bd2 Kd4 44. g4 Ke5 45. gxh5 Nf4+ 46. Kf1 Kxf5 47. h6 gxh6 48. Bc1 h5 49. Nc3 Nxh3 50. Ne2 h4 51. Bb2 Ng5 52. Bc3 Nf3 53. Bb2 Kg5 54. Kg2 f5 55. Kh3 Ng1+ 0-1

[Event "23rd ETCC Women 2021"]
[Site "Catez"]
[Date "2021.11.12"]
[Round "1.43"]
[White "Gaal, Zsoka"]
[Black "Ruzic, Pia Marie"]
[Result "1-0"]
[ECO "E63"]
[WhiteElo "2336"]
[BlackElo "2049"]
[Annotator "NA"]
[PlyCount "99"]
[EventDate "2021.11.08"]
[EventType "team-tourn"]
[EventCountry "SLO"]
[SourceTitle "playchess.com"]
[Source "ChessBase"]
[SourceQuality "1"]
[WhiteTeam "Hungary"]
[BlackTeam "Slovenia"]
[WhiteTeamCountry "HUN"]
[BlackTeamCountry "SLO"]
[TimeControl "40/5400+30:1800+30"]

1. Nf3 Nf6 2. g3 g6 3. Bg2 Bg7 4. d4 d6 5. c4 O-O 6. Nc3 Nc6 7. O-O a6 8. b3 Rb8 9. d5 Na5 10. Bg5 b5 11. cxb5 axb5 12. b4 Nc4 13.
Nd4 Bd7 14. Rc1 Qe8 15. e3 e6 16. dxe6 fxe6 17. Qe2 d5 18.
Rfd1 c6 19. Nb3 e5 20. Bxf6 Rxf6 21. Nc5 Bc8 22. a4 e4 23. axb5 Ne5 24. Qa2 Kh8 25. bxc6 Nxc6 26. Nxd5 Rf8 27. Nxe4 Bg4 28. Rd2 Nxb4 29. Nxb4 Rxb4 30. h3 Be6 31. Qa5 Ra4 32. Qc7 Ra2 33. Rxa2 Bxa2 34. Qa7 Bd5 35. Rc7 Qe5 36. f4 Qb2 37. Nf2 Ra8 38. Qc5 Ra1+ 39. Kh2 Qxf2 40. Rc8+ Bg8 41. h4 h5 42. Qd5 Kh7 43. Qxg8+ Kh6 44. Rc7 Qb2 45. Qd5 Ra2 46. Qe4 Ra6 47. Kh3 Qe2 48. Qe7 Qb2 49. Qg5+ Kh7 50. Be4 1-0

[Event "23rd ETCC Women 2021"]
[Site "Catez"]
[Date "2021.11.12"]
[Round "1.44"]
[White "Hercog, Nusa"]
[Black "Mihok-Juhasz, Barbara"]
[Result "0-1"]
[ECO "E60"]
[WhiteElo "1983"]
[BlackElo "2258"]
[Annotator "NA"]
[PlyCount "66"]
[EventDate "2021.11.08"]
[EventType "team-tourn"]
[EventCountry "SLO"]
[SourceTitle "playchess.com"]
[Source "ChessBase"]
[SourceQuality "1"]
[WhiteTeam "Slovenia"]
[BlackTeam "Hungary"]
[WhiteTeamCountry "SLO"]
[BlackTeamCountry "HUN"]
[TimeControl "40/5400+30:1800+30"]

1. d4 Nf6 2. c4 g6 3. f3 Nh5 4. e4 e5 5. Be3 exd4 6. Qxd4 Bg7 7. Qd2 d6 8. Nc3 Nc6 9. O-O-O Be6 10. g4 Nf6 11. h4 Ne5 12. b3 O-O 13. Be2 a5 14. h5 a4 15. hxg6 fxg6 16. Nh3 axb3 17. axb3 Nf7 18. Nf4 Qe7 19. Nxe6 Qxe6 20. Kb2 Rfe8 21. Bd4 c5 22. Be3 Ra6 23. Ra1 Rb6 24. Kc2 Nd7 25. Ra2 Nf6 26. g5 Nh5 27. Nd5 Rc6 28. Bf1 Qe5 29. Bh3 Ra6 30. Kb1 Rea8 31. Rxa6 Rxa6 32. Qd3 Qa1+ 33. Kc2 Ra2# 0-1

[Event "23rd ETCC Women 2021"]
[Site "Catez"]
[Date "2021.11.12"]
[Round "1.45"]
[White "Dolzhikova, Olga"]
[Black "Injac, Teodora"]
[Result "0-1"]
[ECO "C54"]
[WhiteElo "2187"]
[BlackElo "2387"]
[Annotator "NA"]
[PlyCount "96"]
[EventDate "2021.11.08"]
[EventType "team-tourn"]
[EventCountry "SLO"]
[SourceTitle "playchess.com"]
[Source "ChessBase"]
[SourceQuality "1"]
[WhiteTeam "Norway"]
[BlackTeam "Serbia"]
[WhiteTeamCountry "NOR"]
[BlackTeamCountry "SRB"]
[TimeControl "40/5400+30:1800+30"]

1. e4 e5 2. Nf3 Nc6 3. Bc4 Bc5 4. c3 Nf6 5. d3 d6 6. O-O h6 7. Re1 a6 8. Bb3 O-O 9. Nbd2 Be6 10. Nf1 Ba7 11. Be3 Re8 12. Bxe6 Rxe6 13. Bxa7 Rxa7 14. c4 b5 15. Rc1 Qd7 16. Qc2 Nb4 17. Qb3 c5 18.
a3 Nc6 19. cxb5 Na5 20. Qc3 axb5 21. b4 Nb7 22. Ng3 Re8 23.
Nf5 Qe6 24. Qb2 Rea8 25. bxc5 Nxc5 26. Red1 Rxa3 27. Qxb5 Rb3 28. Qc4 Nxd3 29. Ne7+ Qxe7 30. Rxd3 Rxd3 31.
Qxd3 Rd8 32. h3 g6 33. Qe3 Kg7 34. Ra1 Qb7 35. Re1 Qb4 36. Qe2 Rc8 37. Qd2 Rc4 38. Qxb4 Rxb4 39. Nd2 Rd4 40. Re2 Kf8 41. g3 Ke7 42. Kg2 Ke6 43. f3 Nh5 44. Kf2 f5 45.
Nf1 Rd3 46. Ra2 Nf6 47. Re2 fxe4 48. fxe4 h5 0-1

[Event "23rd ETCC Women 2021"]
[Site "Catez"]
[Date "2021.11.12"]
[Round "1.46"]
[White "Velikic, Adela"]
[Black "Machlik, Monika"]
[Result "1/2-1/2"]
[ECO "B19"]
[WhiteElo "2287"]
[BlackElo "2096"]
[Annotator "ChessBase"]
[PlyCount "131"]
[EventDate "2021.11.08"]
[EventType "team-tourn"]
[EventCountry "SLO"]
[SourceTitle "playchess.com"]
[Source "ChessBase"]
[SourceQuality "1"]
[WhiteTeam "Serbia"]
[BlackTeam "Norway"]
[WhiteTeamCountry "SRB"]
[BlackTeamCountry "NOR"]
[TimeControl "40/5400+30:1800+30"]

1. e4 c6 2. d4 d5 3. Nc3 dxe4 4. Nxe4 Bf5 5. Ng3 Bg6 6. h4 h6 7. Nf3 Nd7 8. h5 Bh7 9. Bd3 Bxd3 10. Qxd3 e6 11. Bd2 Qc7 12. O-O-O Ngf6 13. Ne4 O-O-O 14. g3 Nc5 15. Nxc5 Bxc5 16. Rh4 Bd6 17. Qe2 Rhe8 18. Ne5 Bxe5 19. dxe5 Nd5 20. Ra4 Kb8 21. Rg4 Rg8 22. Be1 Rd7 23. c4 Nb6 24. Rxd7 Nxd7 25. Bc3 c5 26. Rf4 Nb6 27. Qf3 Rf8 28. b3 Qd7 29. Rg4 Rg8 30. Qd1 Qxd1+ 31. Kxd1 Nd7 32. Ke2 Kc7 33. Rf4 Rf8 34. Ke3 Kd8 35. Rg4 Rg8 36. Ke4 Ke7 37. a3 b6 38. f4 Nb8 39. Rh4 Rd8 40. Rh2 Rd1 41. b4 Na6 42. Rg2 Rh1 43.
b5 Nb8 44. g4 Rh3 45. Bb2 Nd7 46. a4 Rh1 47. Bc3 Rc1 48. Kd3 Rh1 49. Rg3 Rh2 50. Bd2 Rf2 51. Ke3 Rf1 52. Bc3 Rb1 53. Kd3 Rf1 54. Ke3 Rh1 55. Kd3 Rh2 56. Bd2 Rh1 57. Bc3 Rf1 58. Ke3 Rb1 59. Kd3 Rh1 60. Ke3 Rh2 61. Bd2 Rh1 62. Bc3 Rf1 63. Rg2 Rh1 64. Rg3 Rh2 65. Bd2 Rh1 66. Bc3 1/2-1/2

[Event "23rd ETCC Women 2021"]
[Site "Catez"]
[Date "2021.11.12"]
[Round "1.47"]
[White "Machlik, Edit"]
[Black "Eric, Jovana"]
[Result "1-0"]
[ECO "E33"]
[WhiteElo "2087"]
[BlackElo "2253"]
[Annotator "ChessBase"]
[PlyCount "131"]
[EventDate "2021.11.08"]
[EventType "team-tourn"]
[EventCountry "SLO"]
[SourceTitle "playchess.com"]
[Source "ChessBase"]
[SourceQuality "1"]
[WhiteTeam "Norway"]
[BlackTeam "Serbia"]
[WhiteTeamCountry "NOR"]
[BlackTeamCountry "SRB"]
[TimeControl "40/5400+30:1800+30"]

1. d4 Nf6 2. c4 e6 3. Nc3 Bb4 4. Qc2 Nc6 5. Nf3 O-O 6. e3 d6 7. Bd2 e5 8. dxe5 dxe5 9. a3 Bxc3 10. Bxc3 Re8 11. h3 a5 12. b3 h6 13. Be2 e4 14. Nd4 Ne5 15. Rd1 Qe7 16. Bb2 Bd7 17. a4 Qc5 18. O-O Rad8 19. Nb5 Bxb5 20. axb5 Ned7 21. Rd2 Qe7 22. Rfd1 b6 23. Bc3 Ra8 24. Bb2 Nc5 25.
Ba3 Qe5 26. b4 axb4 27. Bxb4 Qg5 28. Bc3 Kh7 29. Bb2 Re6 30. Bc3 Rae8 31. Bb2 Qg6 32. Bc3 Ng8 33. Rd5 Nf6 34. R5d2 R6e7 35. Rd8 Nfd7 36. Rxe8 Rxe8 37. Bb4 Re5 38. Rd5 Qe6 39. Rxe5 Qxe5 40. Bc3 Qg5 41. Qd2 Ne5 42. Qd5 f6 43. Bd4 Ned3 44. Qc6 Ne1 45. Kf1 Ned3 46. Qxc7 Qf5 47. Qg3 Nb3 48. Bc3 Qc5 49. Qg4 Qxc4 50. Qf5+ Kh8 51. Qg6 Nbc5 52. Qe8+ Kh7 53. Bd2 f5 54. Qf8 Qd5 55. Bc3 Ne6 56. Qf7 Qc5 57. Qxe6 Qxc3 58. Qxf5+ Kh8 59. Qf8+ Kh7 60. Qf5+ Kh8 61. Kg1 Qc1+ 62. Bf1 Qc4 63. Qf8+ Kh7 64. Qf5+ Kg8 65. Qd7 Qc2 66. Qe8+ 1-0

[Event "23rd ETCC Women 2021"]
[Site "Catez"]
[Date "2021.11.12"]
[Round "1.48"]
[White "Manakova, Maria"]
[Black "Rodsmoen, Maud"]
[Result "0-1"]
[ECO "C00"]
[WhiteElo "2289"]
[BlackElo "1953"]
[Annotator "ChessBase"]
[PlyCount "112"]
[EventDate "2021.11.08"]
[EventType "team-tourn"]
[EventCountry "SLO"]
[SourceTitle "playchess.com"]
[Source "ChessBase"]
[SourceQuality "1"]
[WhiteTeam "Serbia"]
[BlackTeam "Norway"]
[WhiteTeamCountry "SRB"]
[BlackTeamCountry "NOR"]
[TimeControl "40/5400+30:1800+30"]

1. e4 c5 2. f4 e6 3. Nf3 Nc6 4. c3 d5 5. e5 c4 6. b3 b5 7. a4 Na5 8. Nd4 Bc5 9. Qg4 g6 10. b4 Bxd4 11. bxa5 Bc5 12. axb5 Bd7 13. d3 Bxb5 14. dxc4 Bxc4 15. Bxc4 dxc4 16. Nd2 Nh6 17. Qf3 Rc8 18. Ne4 Be7 19. O-O Nf5 20.
Rd1 Qc7 21. Ba3 Bxa3 22. Rxa3 O-O 23. Rd7 Qb8 24. Rb7 Qa8 25. a6 Rcd8 26. Nf6+ Kg7 27. Nd7 Rxd7 28. Rxd7 Qc8 29. Rd4 Qc5 30. Ra2 Nxd4 31. cxd4 Qxd4+ 32. Qf2 Qd1+ 33. Qf1 Qb3 34. Ra1 Rb8 35. h3 c3 36. Kh2 c2 37. Rc1 Rc8 38. Qe1 Qa4 39. Qd2 Qc4 40.
Qf2 Rc7 41. Qd2 Rc6 42. Qf2 Rc5 43. Qd2 Qe4 44. Qf2 Rc4 45.
Qd2 Rc7 46. Qf2 Qd3 47. h4 Qd1 48. Qg1 Qd2 49. Qf1 Rc3 50.
h5 Rd3 51. f5 exf5 52. hxg6 hxg6 53. e6 fxe6 54. Re1 Re3 55. Ra1 Qd6+ 56. Kh1 Rd3 0-1

[Event "23rd ETCC Women 2021"]
[Site "Catez"]
[Date "2021.11.12"]
[Round "1.49"]
[White "Brunello, Marina"]
[Black "Zaksaite, Salomeja"]
[Result "0-1"]
[ECO "B33"]
[WhiteElo "2359"]
[BlackElo "2250"]
[Annotator "ChessBase"]
[PlyCount "124"]
[EventDate "2021.11.08"]
[EventType "team-tourn"]
[EventCountry "SLO"]
[SourceTitle "playchess.com"]
[Source "ChessBase"]
[SourceQuality "1"]
[WhiteTeam "Italy"]
[BlackTeam "Lithuania"]
[WhiteTeamCountry "ITA"]
[BlackTeamCountry "LTU"]
[TimeControl "40/5400+30:1800+30"]

1. e4 c5 2. Nf3 Nc6 3. d4 cxd4 4. Nxd4 Nf6 5. Nc3 e5 6.
Ndb5 d6 7. Bg5 a6 8. Na3 b5 9. Nd5 Be7 10. Bxf6 Bxf6 11. c4 b4 12. Nc2 O-O 13. g3 a5 14. Bg2 Bg5 15. O-O Be6 16. f4 exf4 17. gxf4 Bh6 18. Qh5 Bxd5 19. exd5 Qb6+ 20. Kh1 Nd4 21. Ne3 f5 22. Bh3 b3 23. a4 Rf6 24. Rad1 Raf8 25. Rd3 Kh8 26. Rc3 Qc5 27. Ng2 Nc2 28. Rd1 Nb4 29. Qe2 g6 30. Rxb3 Rc8 31. Rc3 Na2 32. Rc2 Rff8 33. b3 Rfe8 34. Qf3 Nb4 35. Re2 Bg7 36. Re6 Rxe6 37. dxe6 Re8 38. Ne3 Bd4 39. Nd5 Rxe6 40. Nxb4 axb4 41. Qd5 Qxd5+ 42. cxd5 Re4 43. a5 Bc5 44. Bf1 Rxf4 45. a6 Re4 46. Ra1 Re7 47. Rc1 Kg7 48. Bb5 Kf6 49. Kg2 f4 50. Rf1 g5 51. h3 Ke5 52. Re1+ Be3 53. Bc6 Ra7 54. Bb7 Kd4 55. Kf3 Kc3 56. Ke4 Kxb3 57. Kd3 Kb2 58. Re2+ Ka3 59. Rg2 b3 60. Re2 b2 61. Kc2 Ka2 62. Re1 f3 0-1

[Event "23rd ETCC Women 2021"]
[Site "Catez"]
[Date "2021.11.12"]
[Round "1.50"]
[White "Baginskaite, Kamile"]
[Black "Zimina, Olga"]
[Result "1-0"]
[ECO "E15"]
[WhiteElo "2100"]
[BlackElo "2339"]
[Annotator "ChessBase"]
[PlyCount "162"]
[EventDate "2021.11.08"]
[EventType "team-tourn"]
[EventCountry "SLO"]
[SourceTitle "playchess.com"]
[Source "ChessBase"]
[SourceQuality "1"]
[WhiteTeam "Lithuania"]
[BlackTeam "Italy"]
[WhiteTeamCountry "LTU"]
[BlackTeamCountry "ITA"]
[TimeControl "40/5400+30:1800+30"]

1. d4 Nf6 2. Nf3 e6 3. c4 b6 4. g3 Ba6 5. b3 Bb4+ 6. Bd2 Be7 7. Nc3 c6 8. Bg2 d5 9. Ne5 Nfd7 10. Nd3 dxc4 11. bxc4 Bxc4 12. Bf4 O-O 13. O-O a5 14. Rb1 Qc8 15. Qd2 Rd8 16. Rfc1 Qa6 17. Nb2 e5 18. Nxc4 exf4 19. Qxf4 Ra7 20. Ne4 b5 21. Ne3 Nf8 22. Nf5 Ne6 23. Qg4 Rad7 24. Nxe7+ Rxe7 25. e3 Qa7 26. d5 cxd5 27. Nf6+ Kh8 28. Nxd5 Rb7 29. Nc3 Rc7 30. Nxb5 Rxc1+ 31. Rxc1 Qb6 32. a4 Nd7 33. Rc6 Qb8 34. Qf5 Ne5 35. Be4 g6 36. Qf6+ Kg8 37. Ra6 Ng4 38. Qh4 h5 39. Ra8 Qb6 40. Rxd8+ Nxd8 41. h3 Nf6 42. Bf3 Kg7 43. Qc4 Ne6 44. Nd4 Nc5 45. Nb5 Ne6 46. Qc3 Nc5 47. Qd4 Ncd7 48. Qc3 Nc5 49. Bd1 Nce4 50. Qd4 Qc6 51. Bf3 Qc1+ 52. Kg2 Nd2 53. Be2 Nde4 54. Nd6 Nxd6 55. Qxd6 Qc2 56. Qd1 Qa2 57. Bf3 Qc4 58. h4 Ne4 59. Qd4+ Qxd4 60. exd4 Nd2 61. Bd5 f6 62. f4 g5 63. Kf2 gxh4 64. gxh4 Nb1 65. Ke3 Nc3 66. Bc6 Na2 67. d5 Kf7 68.
Kd4 Ke7 69. Kc5 Nb4 70. d6+ Ke6 71. d7 Ke7 72. Kb6 Kd8 73.
f5 Nc2 74. Kxa5 Ne3 75. Kb6 Nxf5 76. a5 Nd4 77. a6 Ne6 78.
a7 Nc7 79. Kc5 Ke7 80. Kd4 Ne6+ 81. Ke4 Nc7 1-0

[Event "23rd ETCC Women 2021"]
[Site "Catez"]
[Date "2021.11.12"]
[Round "1.51"]
[White "Gueci, Tea"]
[Black "Simkunaite, Gabija"]
[Result "1-0"]
[ECO "B30"]
[WhiteElo "2242"]
[BlackElo "1962"]
[Annotator "NA"]
[PlyCount "93"]
[EventDate "2021.11.08"]
[EventType "team-tourn"]
[EventCountry "SLO"]
[SourceTitle "playchess.com"]
[Source "ChessBase"]
[SourceQuality "1"]
[WhiteTeam "Italy"]
[BlackTeam "Lithuania"]
[WhiteTeamCountry "ITA"]
[BlackTeamCountry "LTU"]
[TimeControl "40/5400+30:1800+30"]

1. e4 c5 2. Nf3 Nc6 3. Bb5 e5 4. O-O Bd6 5. c3 a6 6. Be2 Nf6 7. d3 O-O 8. a4 Rb8 9. Bg5 Be7 10. Nbd2 d5 11. Qc2 Be6 12. Rfd1 Ng4 13.
Bxe7 Qxe7 14. h3 Nh6 15. Nf1 d4 16. cxd4 Nxd4 17. Nxd4 cxd4 18. Qd2 f6 19. f4 exf4 20. Qxf4 Rbc8 21. Rdc1 Nf7 22. Ng3 Qb4 23. Bg4 Bxg4 24. Qxg4 Rxc1+ 25. Rxc1 Ne5 26. Qe6+ Kh8 27. Nf5 Qd2 28. Qc8 Kg8 29. Qe6+ Kh8 30. Qc8 Kg8 31. Ne7+ Kf7 32. Qc7 Qg5 33. Rf1 Re8 34. Nf5+ Kg8 35. Qxb7 h5 36. Qd5+ Kh7 37. Qxd4 Rc8 38. h4 Qd2 39. Qa7 Rg8 40. d4 Ng4 41. Qf7 Nh6 42. Qxh5 Rf8 43.
d5 Qxb2 44. Nxh6 gxh6 45. Qf5+ Kg7 46. Rf3 Qb8 47. h5 1-0

[Event "23rd ETCC Women 2021"]
[Site "Catez"]
[Date "2021.11.12"]
[Round "1.52"]
[White "Sibajeva, Marija"]
[Black "Movileanu, Daniela"]
[Result "0-1"]
[ECO "B53"]
[WhiteElo "1946"]
[BlackElo "2214"]
[Annotator "NA"]
[PlyCount "100"]
[EventDate "2021.11.08"]
[EventType "team-tourn"]
[EventCountry "SLO"]
[SourceTitle "playchess.com"]
[Source "ChessBase"]
[SourceQuality "1"]
[WhiteTeam "Lithuania"]
[BlackTeam "Italy"]
[WhiteTeamCountry "LTU"]
[BlackTeamCountry "ITA"]
[TimeControl "40/5400+30:1800+30"]

1. e4 c5 2. Nf3 d6 3. d4 cxd4 4. Qxd4 Nc6 5. Bb5 Bd7 6. Bxc6 Bxc6 7. Nc3 e5 8. Qd3 h6 9. Be3 Nf6 10. h3 Be7 11. O-O-O Qa5 12. Kb1 b5 13. Nd2 O-O 14. Nb3 Qc7 15. Nd5 Bxd5 16. exd5 Rfc8 17. Rd2 a5 18. g4 a4 19. Nc1 b4 20. Rg1 a3 21. b3 Ra5 22. Qc4 Qb7 23.
Qf1 Nxd5 24. Ne2 Nxe3 25. fxe3 Qc6 26. Qf2 d5 27. Rf1 Bf6 28. h4 Rc7 29. Qg3 g6 30. g5 hxg5 31. hxg5 Bg7 32. Qh4 Rc5 33. Qxb4 Rxc2 34. Qb8+ Bf8 35. Qxc7 Rb2+ 36. Rxb2 Qxc7 37. Rc2 Qd8 38. Nc3 Bb4 39. Rd1 Bxc3 40. Rxc3 Qxg5 41. Rxd5 Qg2 42. Rd8+ Kg7 43. Rc2 Qh1+ 44. Rc1 Qe4+ 45. Rc2 Qxe3 46. Rd1 e4 47. Rcd2 Qc3 48. Rc2 Qe5 49. Rh1 e3 50. Re1 f5 0-1

[Event "23rd ETCC Women 2021"]
[Site "Catez"]
[Date "2021.11.12"]
[Round "1.53"]
[White "Ptacnikova, Lenka"]
[Black "Peng, Zhaoqin"]
[Result "0-1"]
[ECO "C08"]
[WhiteElo "2200"]
[BlackElo "2351"]
[Annotator "NA"]
[PlyCount "66"]
[EventDate "2021.11.08"]
[EventType "team-tourn"]
[EventCountry "SLO"]
[SourceTitle "playchess.com"]
[Source "ChessBase"]
[SourceQuality "1"]
[WhiteTeam "Iceland"]
[BlackTeam "Netherlands"]
[WhiteTeamCountry "ISL"]
[BlackTeamCountry "NED"]
[TimeControl "40/5400+30:1800+30"]

1. e4 e6 2. d4 d5 3. Nd2 a6 4. Ngf3 c5 5. exd5 exd5 6. c4 Nf6 7. cxd5 Nxd5 8.
Bc4 Qe7+ 9. Qe2 Qxe2+ 10. Bxe2 Nc6 11. O-O cxd4 12. Nb3 Bg4 13. Nfxd4 Bxe2 14. Re1 Nxd4 15. Nxd4 O-O-O 16. Rxe2 Bc5 17. Rc2 b6 18. Bd2 Kb7 19. Nb3 Be7 20. Rac1 Bf6 21. a4 Rc8 22. a5 Rxc2 23. Rxc2 Rc8 24. Rxc8 Kxc8 25. axb6 Nxb6 26. Nc5 Nc4 27. Be1 Nxb2 28. Nxa6 Nd3 29. Bb4 Bd4 30. Bf8 Nxf2 31. Bxg7 Nh3+ 32. Kf1 Bxg7 33. gxh3 Bf8 0-1

[Event "23rd ETCC Women 2021"]
[Site "Catez"]
[Date "2021.11.12"]
[Round "1.54"]
[White "Roebers, Eline"]
[Black "Thorsteinsdottir, Hallgerdur"]
[Result "1-0"]
[ECO "B11"]
[WhiteElo "2304"]
[BlackElo "2010"]
[Annotator "NA"]
[PlyCount "97"]
[EventDate "2021.11.08"]
[EventType "team-tourn"]
[EventCountry "SLO"]
[SourceTitle "playchess.com"]
[Source "ChessBase"]
[SourceQuality "1"]
[WhiteTeam "Netherlands"]
[BlackTeam "Iceland"]
[WhiteTeamCountry "NED"]
[BlackTeamCountry "ISL"]
[TimeControl "40/5400+30:1800+30"]

1. e4 c6 2. Nc3 d5 3. Nf3 dxe4 4. Nxe4 Nf6 5. Qe2 Nxe4 6. Qxe4 Qa5 7. Bc4 Bf5 8. Qf4 e6 9. O-O Be7 10. Re1 O-O 11. c3 Bg6 12. d4 Nd7 13.
Qg3 Nb6 14. Bb3 Nd5 15. Ne5 Rad8 16. Bd2 Bd6 17. Nc4 Qc7 18. Nxd6 Qxd6 19. Qxd6 Rxd6 20. c4 Nf6 21. Bb4 Rxd4 22. Bxf8 Kxf8 23. Rad1 Rxd1 24. Rxd1 Ke7 25. f3 Nd7 26. Rd2 Ne5 27. Kf2 f6 28. f4 Nd7 29. Bc2 Bxc2 30. Rxc2 c5 31. Rc3 Nb8 32. Rg3 Kf7 33. Rh3 h6 34. Rd3 Ke7 35. Kg3 Nc6 36. Kg4 g6 37. Kf3 b6 38. g4 Nb4 39. Ra3 Nc6 40. Kf2 e5 41. fxe5 Nxe5 42. Rxa7+ Ke6 43. Ra6 Nxg4+ 44. Kg3 Ne3 45. Rxb6+ Ke5 46. b3 g5 47. a4 f5 48. a5 f4+ 49. Kf2 1-0

[Event "23rd ETCC Women 2021"]
[Site "Catez"]
[Date "2021.11.12"]
[Round "1.55"]
[White "Johannsdottir, Johanna Bjorg"]
[Black "Van Foreest, Machteld"]
[Result "0-1"]
[ECO "C00"]
[WhiteElo "1952"]
[BlackElo "2141"]
[Annotator "NA"]
[PlyCount "68"]
[EventDate "2021.11.08"]
[EventType "team-tourn"]
[EventCountry "SLO"]
[SourceTitle "playchess.com"]
[Source "ChessBase"]
[SourceQuality "1"]
[WhiteTeam "Iceland"]
[BlackTeam "Netherlands"]
[WhiteTeamCountry "ISL"]
[BlackTeamCountry "NED"]
[TimeControl "40/5400+30:1800+30"]

1. e4 c5 2. Nf3 e6 3. g3 Nc6 4. Bg2 Nf6 5. Qe2 Be7 6. O-O h6 7. c3 d5 8. e5 Nd7 9. d4 b6 10. Na3 a5 11. Rd1 Ba6 12. Qe3 Qc8 13. Qf4 b5 14. Qg4 Bf8 15.
Bf1 Rb8 16. dxc5 b4 17. Bxa6 Qxa6 18. Nc2 bxc3 19. bxc3 Ndxe5 20. Nxe5 Nxe5 21. Qf4 Nc6 22. Nd4 Rc8 23. Ba3 Be7 24. Qg4 O-O 25. Nf3 Bf6 26. Rac1 Rfd8 27. Rc2 Rb8 28. Bc1 Rb1 29. Nd4 Qc4 30. Bxh6 Ne5 31. Qh5 g6 32. Rxb1 gxh5 33. f4 Ng4 34. Bg5 Bxd4+ 0-1

[Event "23rd ETCC Women 2021"]
[Site "Catez"]
[Date "2021.11.12"]
[Round "1.56"]
[White "Lanchava, Tea"]
[Black "Acevedo Mendez, Lisseth"]
[Result "1-0"]
[ECO "A28"]
[WhiteElo "2215"]
[BlackElo "1803"]
[Annotator "NA"]
[PlyCount "67"]
[EventDate "2021.11.08"]
[EventType "team-tourn"]
[EventCountry "SLO"]
[SourceTitle "playchess.com"]
[Source "ChessBase"]
[SourceQuality "1"]
[WhiteTeam "Netherlands"]
[BlackTeam "Iceland"]
[WhiteTeamCountry "NED"]
[BlackTeamCountry "ISL"]
[TimeControl "40/5400+30:1800+30"]

1. c4 e5 2. Nc3 Nf6 3. Nf3 Nc6 4. e3 d5 5. cxd5 Nxd5 6. Bb5 Nxc3 7. bxc3 Bd7 8. d4 e4 9. Bxc6 bxc6 10. Ne5 Bd6 11. Nxd7 Qxd7 12. O-O O-O 13. c4 Rfd8 14. Qc2 Qe6 15. c5 Be7 16. Bd2 Rd5 17. f3 exf3 18.
Rxf3 Rad8 19. Ba5 Qd7 20. Raf1 Bg5 21. Qf2 f6 22. Qg3 Qe7 23. h4 Bh6 24. Bxc7 Re8 25. Bd6 Qe4 26. Rxf6 Qxe3+ 27. Kh1 Rxd6 28. Qxe3 Bxe3 29. Rxd6 Rc8 30. Rf3 Bd2 31. Rd7 a5 32. Rff7 Bh6 33. g4 Be3 34. Rxg7+ 1-0

[Event "23rd ETCC Women 2021"]
[Site "Catez"]
[Date "2021.11.12"]
[Round "1.57"]
[White "Urh, Zala"]
[Black "Goossens, Hanne"]
[Result "1/2-1/2"]
[ECO "A58"]
[WhiteElo "2332"]
[BlackElo "2126"]
[Annotator "ChessBase"]
[PlyCount "112"]
[EventDate "2021.11.08"]
[EventType "team-tourn"]
[EventCountry "SLO"]
[SourceTitle "playchess.com"]
[Source "ChessBase"]
[SourceQuality "1"]
[WhiteTeam "Slovenia"]
[BlackTeam "Belgium"]
[WhiteTeamCountry "SLO"]
[BlackTeamCountry "BEL"]
[TimeControl "40/5400+30:1800+30"]

1. d4 Nf6 2. c4 g6 3. g3 c5 4. d5 b5 5. cxb5 a6 6. bxa6 Bg7 7. Nc3 O-O 8.
Nf3 d6 9. Bg2 Nbd7 10. O-O Nb6 11. e4 Bxa6 12. Re1 Nfd7 13. Qc2 Nc4 14. Bf1 Nde5 15. Nxe5 Nxe5 16. Kg2 Qa5 17. f4 Bxf1+ 18. Rxf1 Nc4 19. Rf3 Rfb8 20. a4 Qb4 21. Nd1 Na5 22. Raa3 c4 23. Bd2 Qc5 24. Nc3 Nb3 25. Be3 Qb4 26. Na2 Qb7 27. Nc3 Qb4 28. Na2 Qb7 29. Rf2 Rc8 30. Nc3 Qb4 31. Na2 Qb7 32. Nc1 Nc5 33. a5 Qb5 34. h4 Nb7 35.
Na2 Rxa5 36. Nc3 Qa6 37. Rxa5 Qxa5 38. Re2 Nc5 39. Bxc5 Qxc5 40. e5 dxe5 41. fxe5 e6 42. dxe6 Qc6+ 43. Qe4 Qxe6 44. Nd5 Rc5 45. Nf4 Qc6 46. Qxc6 Rxc6 47. Kf3 Rc5 48. e6 fxe6 49. Nxe6 Rf5+ 50. Nf4 Rb5 51. Re8+ Kf7 52. Rc8 Rb3+ 53. Ke4 Rxg3 54. Rc7+ Kg8 55. Rc8+ Kf7 56. Rc7+ Kg8 1/2-1/2